 Dungeon Crawl Stone Soup version 0.28-a0-919-g0b5b508569 (webtiles) character file.

Game seed: 15114935223723080603

704 lunkers the Cutter (level 7, 0/38 HPs)
             Began as a Vine Stalker Brigand on Nov 25, 2021.
             Slain by a bullfrog (2 damage)
             ... in a sewer.
             The game lasted 00:05:37 (2979 turns).

lunkers the Cutter (Vine Stalker Brigand)           Turns: 2979, Time: 00:05:38

Health: 0/38       AC: 11    Str: 14    XL:     7   Next: 66%
Magic:  0/8        EV:  6    Int: 11    God:
Gold:   157        SH:  4    Dex: 17    Spells: 6/6 levels left

rFire   . . .      SeeInvis .   a - +1 dagger (elec)
rCold   . . .      Faith    .   m - +0 buckler
rNeg    . . .      Spirit   +   n - +0 ring mail
rPois   .          Reflect  .   (no helmet)
rElec   .          Harm     .   c - +1 cloak
rCorr   .          Rampage  .   (no gloves)
Will    .....                   (no boots)
Stlth   +.........              (no amulet)
HPRegen 0.92/turn               i - +4 ring of protection
MPRegen 0.11/turn               (no ring)

@: lethally poisoned (0 -> -1), hasted, constricted, slow
A: fangs 2, regeneration 1, magic shield, antimagic bite, no potion heal 2
a: no special abilities


You were in a sewer.
You visited 1 branch of the dungeon, and saw 4 of its levels.
You also visited: Sewer.

You collected 157 gold pieces.

Inventory:

Hand Weapons
 a - a +1 dagger of electrocution (weapon)
 b - a +2 dagger
Missiles
 d - 10 poisoned darts
Armour
 c - a +1 cloak (worn)
 l - a +0 robe
 m - a +0 buckler (worn)
 n - a +0 ring mail (worn)
Jewellery
 i - a +4 ring of protection (left hand)
Wands
 e - a wand of mindburst (4)
 o - a wand of iceblast (6)
Scrolls
 t - a scroll of enchant weapon
Potions
 g - a potion of attraction
 h - a potion of curing
 j - 2 potions of brilliance
 k - a potion of magic
 p - a potion of ambrosia {unknown}
 q - a potion of might {unknown}
 r - a potion of resistance {unknown}


   Skills:
 + Level 4.5 Fighting
 * Level 6.3 Short Blades
 - Level 1.7 Throwing
 - Level 0.7 Dodging
 - Level 4.8 Stealth


You had 6 spell levels left.
You didn't know any spells.
Your spell library was empty.

Dungeon Overview and Level Annotations

Branches:
Dungeon (4/15)             Temple (0/1) D:4           Sewer (1/1)

Altars:
Okawaru


Innate Abilities, Weirdness & Mutations

You have extremely sharp teeth.
Your natural rate of healing is unusually fast.
When hurt, damage is shared between your health and your magic reserves.
Your bite disrupts and absorbs the magic of your enemies.
Potions cannot restore your health.


Message History

You feel sick. The bullfrog hits you.
* * * LOW MAGIC WARNING * * *
The ball python closely misses you. The ball python constricts you.
The bullfrog hits you but does no damage.
Unknown command.
Unknown command.
You closely miss the bullfrog.
The bullfrog is almost dead.
The adder barely misses you.
The ball python bites you but does no damage.
The bullfrog hits you but does no damage.
Unknown command.
You hit the bullfrog.
You kill the bullfrog!
* * * LOW HITPOINT WARNING * * *
You feel sick. The bullfrog barely misses you.
The ball python barely misses you. The ball python constricts you.
Unknown command.
You completely miss the bullfrog. Your bite misses the bullfrog.
The ball python bites you but does no damage.
You block the adder's attack.
The bullfrog hits you but does no damage.
Unknown command.
Unknown command.
Unknown command.
You hit the bullfrog.
The bullfrog is lightly wounded.
* * * LOW HITPOINT WARNING * * *
You feel sick. The ball python barely misses you.
The ball python constricts you.
* * * LOW MAGIC WARNING * * *
The adder bites you but does no damage.
The ball python bites you but does no damage.
Unknown command.
You barely miss the bullfrog. You bite the bullfrog. You drain its power.
You feel invigorated.
The bullfrog is moderately wounded.
The bullfrog hits you.
* * * LOW MAGIC WARNING * * *
You die...

≈≈≈≈≈#
#≈≈≈≈≈≈#
≈≈≈†≈#
#≈≈≈≈≈≈#
≈≈≈≈≈#
#≈≈≈≈≈≈#
≈≈≈≈≈#
#≈≈≈≈≈≈#
.≈≈.##
#≈≈≈≈#≈#
....≈#
#≈≈≈≈≈≈#
.≈≈≈##
#≈≈≈≈.≈#
≈≈≈≈≈#
#≈≈≈SS≈#
≈≈≈≈≈#
#≈≈≈≈@≈#
≈≈≈≈≈#
#≈≈†S#F#
≈≈≈≈≈#
#≈≈≈†≈≈#
≈≈≈≈≈#
#≈≈≈≈≈≈#
≈≈≈≈≈#
#≈≈≈≈≈≈#
≈≈≈≈≈#
#≈≈≈≈≈≈#
≈≈.≈.#
##..≈.##
.....#
......
....##
#......


You could see a bullfrog, an adder and 2 ball pythons.

Vanquished Creatures
  An ice beast (D:4)
  A centaur (D:3)
  Blork the orc (D:4)
  A bullfrog (Sewer)
  A hound (D:4)
  A jelly (D:4)
  A gnoll shaman (D:2)
  Ijyb (D:3)
  Natasha (twice) (D:2)
  6 adders
  5 gnolls (D:2)
  4 river rats (Sewer)
  4 worms
  21 ball pythons
  2 bats
  3 endoplasms (D:1)
  2 giant cockroaches
  3 goblins
  8 hobgoblins
  4 jackals (D:2)
  7 quokkas
  2 frilled lizards
  6 kobolds
  26 rats
113 creatures vanquished.

Vanquished Creatures (collateral kills)
  A ball python (Sewer)
1 creature vanquished.

Grand Total: 114 creatures vanquished

Notes
Turn   | Place    | Note
-------+----------+-------------------------------------------
     0 | D:1      | lunkers the Vine Stalker Brigand began the quest for the
                  | Orb.
     0 | D:1      | Reached XP level 1. HP: 11/11 MP: 2/2
    47 | D:1      | Reached skill level 2 in Short Blades
    85 | D:1      | Reached XP level 2. HP: 15/15 MP: 3/3
   443 | D:1      | Reached XP level 3. HP: 18/18 MP: 4/4
   449 | D:1      | Found a faded altar of an unknown god.
  1270 | D:2      | Reached skill level 3 in Short Blades
  1376 | D:2      | Gained mutation: Your natural rate of healing is unusually
                  | fast. [Vine Stalker growth]
  1376 | D:2      | Reached XP level 4. HP: 13/23 MP: 3/5
  1606 | D:2      | Noticed Natasha
  1618 | D:2      | Killed Natasha
  1648 | D:2      | Noticed Natasha
  1654 | D:2      | Killed Natasha
  1655 | D:2      | Reached XP level 5. HP: 20/28 MP: 3/6
  1663 | D:2      | Reached skill level 4 in Short Blades
  1842 | D:3      | Found an iron altar of Okawaru.
  1976 | D:3      | Noticed Ijyb
  1986 | D:3      | Killed Ijyb
  1987 | D:3      | Reached XP level 6. HP: 30/32 MP: 5/7
  2109 | D:3      | Reached skill level 5 in Short Blades
  2367 | D:4      | Noticed Blork the orc
  2380 | D:4      | HP: 1/33 [Blork the orc (14)]
  2381 | D:4      | Killed Blork the orc
  2453 | D:4      | Reached XP level 7. HP: 32/37 MP: 8/8
  2665 | D:4      | Found a glowing drain.
  2673 | D:4      | Reached skill level 6 in Short Blades
  2681 | Sewer    | Entered a sewer
  2978 | Sewer    | HP: 1/38 [poisoned by an adder]
  2979 | Sewer    | Slain by a bullfrog

Illustrated notes

Levels and vault maps discovered:
D:1:      co_arrival_square_in_a_square_in_a_square, layout_basic,
          nicolae_ecumenical_lake_church
D:2:      layout_basic, uniq_natasha
D:3:      layout_rooms, overflow_temple_1_default, uniq_ijyb
D:4:      layout_basic, minmay_temple_entry_overgrown, portal_sewer_entry_d,
          uniq_duvessa, uniq_sigmund, uniq_pikel, uniq_blork_the_orc
Sewer:    sewer_minmay_w

Skill      XL: |  1  2  3  4  5  6  7 |
---------------+----------------------+-----
Short Blades   | 2 3 4 5 6 |  6.3
Fighting       | 2 3 4 |  4.5
Throwing       | |  1.7
Dodging        | |  0.7
Stealth        | |  4.8

Action                   |  1- 3 |  4- 6 |  7- 9 || total
-------------------------+-------+-------+-------++-------
Melee: Dagger            |    88 |   136 |   153 ||   377
       Bite              |    24 |    39 |    30 ||    93
Throw: Dart              |     8 |     9 |       ||    17
Evoke: Wand              |       |     7 |       ||     7
  Use: Scroll            |     3 |     5 |     6 ||    14
       Potion            |       |       |     1 ||     1
 Stab: Sleeping          |    10 |     3 |     1 ||    14
Armor: Robe              |    16 |       |       ||    16
       Ring mail         |     7 |    51 |    61 ||   119
Dodge: Dodged            |    28 |    54 |    73 ||   155
Block: Buckler           |     6 |    18 |    28 ||    52

Table legend: (Time is in decaauts)
 A = Elapsed time spent in this place.
 B = Non-inter-level travel time spent in this place.
 C = Inter-level travel time spent in this place.
 D = Time resting spent in this place.
 E = Time spent auto-exploring this place.
 F = Levels seen in this place.
 G = Mean time per level.
                   A        B        C        D        E       F      G
               +--------+--------+--------+--------+--------+-----+--------+
         Total |   2952 |   2916 |     36 |      0 |   2123 |   5 |  590.4 |
       Dungeon |   2654 |   2618 |     36 |      0 |   1989 |   4 |  663.5 |
         Sewer |    298 |    298 |      0 |      0 |    134 |   1 |  298.0 |
               +--------+--------+--------+--------+--------+-----+--------+

Top non-repeatable levels by time:
     D:1: 1026 daAuts
     D:2: 796 daAuts
     D:3: 484 daAuts
     D:4: 347 daAuts
   Sewer: 298 daAuts
